 Dungeon Crawl Stone Soup version 0.29.0-15-g675c0067aa (webtiles) character file.

Game seed: 5468452814118116324

32939 qw the Severer (level 13, -1/122 HPs)
             Began as a Minotaur Berserker on Sept 12, 2022.
             Was an Elder of Trog.
             Slain by a white ugly thing (35 damage)
             ... on level 5 of the Lair of Beasts.
             The game lasted 00:05:08 (19280 turns).

qw the Severer (Minotaur Berserker)                Turns: 19280, Time: 00:05:09

Health: -1/122     AC: 25    Str: 25    XL:     13   Next: 34%
Magic:  12/12      EV:  9    Int:  4    God:    Trog [****..]
Gold:   443        SH:  7    Dex: 12    Spells: 12/12 levels left

rFire   + . .      SeeInvis .   Y - +3 broad axe
rCold   . . .      Faith    .   k - +1 buckler of the Mackerel {rF+}
rNeg    . . .      Spirit   .   c - +3 plate armour
rPois   .          Reflect  .   (helmet restricted)
rElec   .          Harm     .   b - +2 cloak
rCorr   .          Rampage  .   f - +2 pair of gloves {Stlth+}
Will    .....                   (no boots)
Stlth   ..........              (no amulet)
HPRegen 0.30/turn               (no ring)
MPRegen 0.13/turn               (no ring)

@: about to teleport, on berserk cooldown, slowed, very slow
A: horns 2, retaliatory headbutt
a: Renounce Religion, Berserk, Trog's Hand, Brothers in Arms


You were on level 5 of the Lair of Beasts.
You worshipped Trog.
Trog was greatly pleased with you.
You visited 2 branches of the dungeon, and saw 14 of its levels.

You collected 871 gold pieces.
You spent 428 gold pieces at shops.


Innate Abilities, Weirdness & Mutations

You have a pair of horns on your head.
You reflexively headbutt those who attack you in melee.


   Skills:
 - Level 13.0 Fighting
 - Level 18.0 Axes
 - Level 5.0 Throwing
 - Level 12.0 Armour
 + Level 5.3 Dodging
 - Level 9.0 Shields


You had 12 spell levels left.
You didn't know any spells.
Your spell library was empty.

Inventory:

Hand Weapons
 l - a +2 hand axe of flaming
 Y - a +3 broad axe (weapon)
Missiles
 r - 4 boomerangs (quivered)
Armour
 b - a +2 cloak (worn)
 c - a +3 plate armour (worn)
 f - a +2 pair of gloves of stealth (worn)
 k - the +1 buckler of the Mackerel (worn) {rF+}
   (You acquired it on level 3 of the Dungeon)

   rF:        It protects you from fire.
Scrolls
 g - 7 scrolls of identify
 p - a scroll of teleportation
Potions
 a - a potion of haste
 d - 3 potions of mutation
 e - 2 potions of heal wounds
 j - 4 potions of curing
 m - a potion of might

Dungeon Overview and Level Annotations

Branches:
Dungeon (9/15)             Temple (0/1) D:7            Lair (5/5) D:9
 Shoals (0/4) Lair:3        Snake (0/4) Lair:2        Slime (0/5) Lair:4
    Orc: D:9-12

Altars:
Ashenzari
Fedhas
Kikubaaqudgha
Sif Muna
Uskayaw
Vehumet
Wu Jian

Shops:
D:4 (   D:7 :   D:9 (?(:

Annotations:
D:3 2 transporters, qw's ghost, amateur GrFi
Lair:2 3 runed translucent doors, qw's ghost, journeyman MiBe
Lair:4 1 runed translucent door


Message History

You slash the smoke demon!
The smoke demon is almost dead.
You barely miss the white ugly thing. The smoke demon gestures at you.
The sticky flame hits you. You resist.
You are covered in liquid flames!
The white ugly thing headbutts you but does no damage.
You slice the smoke demon!!
You kill the smoke demon!
Trog accepts your kill.
You slash the white ugly thing!
You are covered in liquid flames!
The white ugly thing headbutts you but does no damage.
You closely miss the white ugly thing.
You headbutt the white ugly thing, but do no damage.
The white ugly thing is lightly wounded.
You are covered in liquid flames!
The white ugly thing headbutts you. The white ugly thing freezes you!!
You hit the white ugly thing but do no damage.
The white ugly thing is lightly wounded.
You are covered in liquid flames!
The white ugly thing headbutts you but does no damage.
You closely miss the white ugly thing.
Your headbutt misses the white ugly thing.
The white ugly thing is lightly wounded.
The white ugly thing closely misses you.
You slash the white ugly thing!
Your headbutt misses the white ugly thing.
The white ugly thing is moderately wounded.
The white ugly thing headbutts you! The white ugly thing freezes you!!
The white ugly thing barely misses you.
19279 ||| READING 2 scrolls of teleportation.
As you read the scroll of teleportation, it crumbles to dust.
You feel strangely unstable.
The white ugly thing closely misses you.
You furiously retaliate!
You headbutt the white ugly thing!
19280 ||| DRINKING 3 potions of heal wounds.
You feel much better. The white ugly thing headbutts you.
The white ugly thing freezes you!!
You die...

77..7777.777.7
77............7
77.......%...7
77...77......777
7.
7...77777777...777
... 77%.77777
777...77....
7.......77
77.(%.(.7
7..7.....777
77.....77
7..777...%.7
7.@.7777 7.77
777...7 7..u77
7.77 77..77...77
7..7 ........
7..77 777......
77.%777


7777777 77...7 7...77 77...7 You could see a white ugly thing.

Vanquished Creatures
  Gastronok (Lair:1)
  Kirke (Lair:4)
  Snorg (Lair:3)
  2 hydras (Lair:4)
  A boulder beetle (Lair:4)
  A death yak (Lair:3)
  8 elephants
  A merfolk siren (Lair:3)
  4 black mambas
  9 cane toads
  A smoke demon (Lair:5)
  4 rime drakes (Lair:4)
  4 komodo dragons
  A troll (D:9)
  3 polar bears
  A raiju (shapeshifter) (Lair:5)
  20 blink frogs
  5 small abominations (Lair:5)
  10 basilisks
  A chaos spawn (Lair:5)
  9 wyverns
  18 yaks
  4 hogs (Lair:4)
  2 hell hounds (Lair:4)
  9 water moccasins
  Duvessa (D:6)
  2 orc warriors
  A sky beast (D:7)
  A black bear (D:6)
  An ice beast (D:7)
  9 wolves
  An ogre (D:4)
  2 centaurs (D:9)
  A kobold brigand (D:8)
  3 necrophages
  4 scorpions (D:5)
  6 bullfrogs
  20 wights
  Dowan (D:6)
  5 killer bees (D:9)
  2 electric eels (D:9)
  3 howler monkeys (D:9)
  4 hounds
  2 jellies (D:7)
  8 orc priests
  A gnoll bouda (D:5)
  2 iguanas
  4 hell rats (Lair:4)
  11 orc wizards
  7 gnolls (D:5)
  6 adders
  A shadow imp (D:6)
  4 white imps
  2 worms
  2 dart slugs (D:3)
  40 orcs
  3 ball pythons
  4 bats
  6 endoplasms
  4 giant cockroaches
  4 goblins
  5 hobgoblins
  2 quokkas
  7 frilled lizards
  11 kobolds
  8 rats
332 creatures vanquished.

Vanquished Creatures (collateral kills)
  A hydra (Lair:2)
  A rime drake (Lair:4)
  A blink frog (Lair:4)
  2 wyverns (Lair:4)
  A hell rat (Lair:4)
6 creatures vanquished.

Vanquished Creatures (others)
  An orc wizard (D:8)
  29 fungi
  39 plants
69 creatures vanquished.

Grand Total: 407 creatures vanquished

Notes
Turn   | Place    | Note
-------+----------+-------------------------------------------
     0 | D:1      | qw the Minotaur Berserker began the quest for the Orb.
     0 | D:1      | Reached XP level 1. HP: 19/19 MP: 0/0
     0 | D:1      | 0 ||| qw: Version: 0.1-a-119-g272c26d
     0 | D:1      | 0 ||| qw: Game counter: 10883
     0 | D:1      | 0 ||| qw: Always use a shield: true
     0 | D:1      | 0 ||| qw: Do Orc after D:15 true
     0 | D:1      | 0 ||| qw: Do second Lair branch before Depths: true
     0 | D:1      | 0 ||| qw: Lair rune preference: random
     0 | D:1      | 0 ||| qw: Plans: Normal
     0 | D:1      | 0 ||| PLANNING D:1-11
   190 | D:1      | Reached skill level 4 in Axes
   270 | D:1      | Reached XP level 2. HP: 26/26 MP: 1/1
   538 | D:1      | Found a faded altar of an unknown god.
   652 | D:1      | 652 ||| DROPPING +0 club.
  1054 | D:1      | 1054 ||| UPGRADING to +0 plate armour.
  1064 | D:1      | 1064 ||| DROPPING +0 animal skin.
  1065 | D:1      | 1065 ||| READING scroll labelled FILEM DAR QARA.
  1066 | D:1      | 1066 ||| READING scroll labelled JEANOS FOLULUW.
  1067 | D:1      | 1067 ||| DRINKING 2 dark potions.
  1068 | D:1      | 1068 ||| DRINKING 3 cyan potions.
  1109 | D:1      | 1109 ||| DROPPING 2 potions of lignification.
  1240 | D:2      | 1240 ||| Stepping ~*~*~tactically~*~*~ (stealth).
  1259 | D:2      | Reached skill level 5 in Axes
  1259 | D:2      | Reached XP level 3. HP: 21/31 MP: 2/2
  1401 | D:2      | Reached ** piety under Trog
  1439 | D:2      | 1439 ||| INVOKING Berserk.
  2065 | D:2      | 2065 ||| UPGRADING to +2 cloak.
  2070 | D:2      | 2070 ||| READING scroll labelled TEOTHI VEVIWO.
  2071 | D:2      | 2071 ||| READING scroll labelled RICUER XYMIGONT.
  2238 | D:3      | 2238 ||| INVOKING Berserk.
  2391 | D:3      | Reached XP level 4. HP: 39/39 MP: 3/3
  2435 | D:3      | Reached skill level 6 in Axes
  2512 | D:3      | 2512 ||| Stepping ~*~*~tactically~*~*~ (hiding).
  2592 | D:3      | 2592 ||| DROPPING +0 whip.
  2606 | D:3      | Identified the +0 robe of the Sacrificial Victim {Dex+2}
  2627 | D:3      | Found a transporter.
  2628 | D:3      | Noticed qw's ghost (amateur GrFi)
  2629 | D:3      | Identified the +5 dire flail of Temileo {flame, rPois Str+5
                  | Int-4}
  2629 | D:3      | Noticed an ogre
  2630 | D:3      | Noticed an ogre
  2630 | D:3      | Noticed an ogre
  2647 | D:3      | Found a transporter.
  3020 | D:3      | 3020 ||| INVOKING Berserk.
  3350 | D:3      | 3350 ||| READING scroll labelled PANERO VIBLU.
  3350 | D:3      | Identified a scroll of acquirement
  3350 | D:3      | 3350 ||| ACQUIRING +1 buckler of the Mackerel {rF+}
  3350 | D:3      | Acquired the +1 buckler of the Mackerel {rF+}
  3352 | D:3      | 3352 ||| UPGRADING to +1 buckler of the Mackerel {rF+}.
  3357 | D:3      | 3357 ||| READING scroll labelled MEPLO BUAPLIMU.
  3495 | D:3      | 3495 ||| READING 2 scrolls of identify.
  3495 | D:3      | 3495 ||| IDENTIFYING black potion
  3562 | D:4      | 3562 ||| Stepping ~*~*~tactically~*~*~ (stealth).
  3622 | D:4      | Reached XP level 5. HP: 43/45 MP: 4/4
  4245 | D:4      | Found Ubrogonn's Antique Weapon Boutique.
  4253 | D:4      | Noticed an ogre
  4255 | D:4      | 4255 ||| INVOKING Berserk.
  4258 | D:4      | Killed an ogre
  4259 | D:4      | Reached skill level 7 in Axes
  4377 | D:4      | 4377 ||| BUYING glowing hand axe (162 gold).
  4377 | D:4      | Bought a glowing hand axe for 162 gold pieces
  4377 | D:4      | 4377 ||| SHOPLISTING glowing war axe (175 gold, have 49).
  4377 | D:4      | 4377 ||| SWAPPING to +2 hand axe of flaming.
  4378 | D:4      | 4378 ||| DROPPING +0 flail.
  4379 | D:4      | 4379 ||| DROPPING +0 hand axe.
  4394 | D:4      | Found a shimmering blue altar of Sif Muna.
  4396 | D:4      | Found a blossoming altar of Fedhas.
  4397 | D:4      | Found an ancient bone altar of Kikubaaqudgha.
  4470 | D:4      | 4470 ||| READING scroll labelled OGGUUDAGESH.
  4471 | D:4      | 4471 ||| READING scroll labelled JIBBUEL TAPEO.
  4472 | D:4      | 4472 ||| READING scroll labelled MAOTOS JIDO.
  4473 | D:4      | 4473 ||| READING 2 scrolls of identify.
  4473 | D:4      | 4473 ||| IDENTIFYING bubbling red potion
  4474 | D:4      | 4474 ||| READING scroll of teleportation.
  4488 | D:5      | Entered Level 5 of the Dungeon
  4502 | D:5      | 4502 ||| Stepping ~*~*~tactically~*~*~ (stealth).
  4512 | D:5      | 4512 ||| INVOKING Berserk.
  4514 | D:5      | Reached skill level 3 in Armour
  4514 | D:5      | Reached XP level 6. HP: 51/51 MP: 5/5
  4738 | D:5      | 4738 ||| INVOKING Berserk.
  4748 | D:5      | Reached skill level 8 in Axes
  4915 | D:5      | 4915 ||| Stepping ~*~*~tactically~*~*~ (hiding).
  4922 | D:5      | Reached *** piety under Trog
  4923 | D:5      | 4923 ||| INVOKING Berserk.
  4928 | D:5      | Reached XP level 7. HP: 60/60 MP: 6/6
  5099 | D:5      | 5099 ||| FLEEEEING.
  5100 | D:5      | 5100 ||| FLEEEEING.
  5101 | D:5      | 5101 ||| FLEEEEING.
  5102 | D:5      | 5102 ||| FLEEEEING.
  5103 | D:5      | 5103 ||| FLEEEEING.
  5105 | D:5      | 5105 ||| Stepping ~*~*~tactically~*~*~ (hiding).
  5107 | D:5      | 5107 ||| Stepping ~*~*~tactically~*~*~ (hiding).
  5109 | D:5      | 5109 ||| Stepping ~*~*~tactically~*~*~ (hiding).
  5112 | D:5      | 5112 ||| INVOKING Berserk.
  5117 | D:5      | Reached skill level 9 in Axes
  5144 | D:5      | 5144 ||| Stepping ~*~*~tactically~*~*~ (stealth).
  5227 | D:5      | Reached skill level 3 in Shields
  5239 | D:5      | 5239 ||| SWAPPING to +0 war axe.
  5267 | D:5      | Found a broken altar of Ashenzari.
  5293 | D:5      | 5293 ||| Stepping ~*~*~tactically~*~*~ (hiding).
  5298 | D:5      | 5298 ||| Stepping ~*~*~tactically~*~*~ (hiding).
  5301 | D:5      | 5301 ||| INVOKING Berserk.
  5708 | D:5      | 5708 ||| READING scroll labelled XOCWUN FUODUEZAMPU.
  5709 | D:5      | 5709 ||| READING scroll labelled TAUVVA GYAM.
  5710 | D:5      | 5710 ||| DRINKING 2 sedimented amethyst potions.
  5711 | D:5      | 5711 ||| DROPPING potion of attraction.
  5967 | D:6      | 5967 ||| INVOKING Berserk.
  6159 | D:6      | Reached XP level 8. HP: 67/69 MP: 7/7
  6163 | D:6      | Reached skill level 10 in Axes
  6206 | D:6      | 6206 ||| SWAPPING to +0 war axe of draining.
  6207 | D:6      | 6207 ||| DROPPING +0 war axe.
  6219 | D:6      | Reached skill level 1 in Throwing
  6250 | D:6      | 6250 ||| Stepping ~*~*~tactically~*~*~ (stealth).
  6273 | D:6      | Reached skill level 6 in Fighting
  6412 | D:6      | 6412 ||| Stepping ~*~*~tactically~*~*~ (stealth).
  6418 | D:6      | 6418 ||| Stepping ~*~*~tactically~*~*~ (hiding).
  6837 | D:6      | Noticed Duvessa
  6839 | D:6      | 6839 ||| Stepping ~*~*~tactically~*~*~ (stealth).
  6841 | D:6      | 6841 ||| INVOKING Berserk.
  6846 | D:6      | Killed Duvessa
  6872 | D:6      | Noticed Dowan
  6873 | D:6      | 6873 ||| Stepping ~*~*~tactically~*~*~ (stealth).
  6874 | D:6      | 6874 ||| Stepping ~*~*~tactically~*~*~ (stealth).
  6984 | D:6      | 6984 ||| Stepping ~*~*~tactically~*~*~ (hiding).
  6987 | D:6      | 6987 ||| INVOKING Berserk.
  6989 | D:6      | Killed Dowan
  7441 | D:6      | 7441 ||| DRINKING 2 bubbling orange potions.
  7442 | D:6      | 7442 ||| READING 3 scrolls of identify.
  7442 | D:6      | 7442 ||| IDENTIFYING amethyst potion
  7443 | D:6      | 7443 ||| READING 2 scrolls of identify.
  7443 | D:6      | 7443 ||| IDENTIFYING green potion
  7444 | D:6      | 7444 ||| DROPPING potion of berserk rage.
  7445 | D:6      | 7445 ||| DROPPING potion of flight.
  7446 | D:6      | 7446 ||| DROPPING potion of magic.
  7601 | D:7      | 7601 ||| Stepping ~*~*~tactically~*~*~ (stealth).
  7606 | D:7      | Reached skill level 11 in Axes
  7637 | D:7      | 7637 ||| Stepping ~*~*~tactically~*~*~ (stealth).
  7639 | D:7      | 7639 ||| Stepping ~*~*~tactically~*~*~ (stealth).
  7656 | D:7      | 7656 ||| FLEEEEING.
  7657 | D:7      | 7657 ||| FLEEEEING.
  7658 | D:7      | 7658 ||| FLEEEEING.
  7659 | D:7      | 7659 ||| FLEEEEING.
  7660 | D:7      | 7660 ||| FLEEEEING.
  7661 | D:7      | 7661 ||| FLEEEEING.
  7662 | D:7      | 7662 ||| FLEEEEING.
  7663 | D:7      | 7663 ||| FLEEEEING.
  7664 | D:7      | 7664 ||| FLEEEEING.
  7665 | D:7      | 7665 ||| FLEEEEING.
  7666 | D:7      | 7666 ||| FLEEEEING.
  7667 | D:7      | 7667 ||| FLEEEEING.
  7668 | D:7      | 7668 ||| FLEEEEING.
  7669 | D:7      | 7669 ||| FLEEEEING.
  7670 | D:7      | 7670 ||| FLEEEEING.
  7671 | D:7      | 7671 ||| FLEEEEING.
  7672 | D:7      | 7672 ||| FLEEEEING.
  7673 | D:7      | 7673 ||| FLEEEEING.
  7674 | D:7      | 7674 ||| FLEEEEING.
  7675 | D:7      | 7675 ||| FLEEEEING.
  7676 | D:7      | 7676 ||| FLEEEEING.
  7677 | D:7      | 7677 ||| FLEEEEING.
  7678 | D:7      | 7678 ||| FLEEEEING.
  7679 | D:7      | 7679 ||| FLEEEEING.
  7680 | D:7      | 7680 ||| FLEEEEING.
  7681 | D:7      | 7681 ||| FLEEEEING.
  7682 | D:7      | 7682 ||| FLEEEEING.
  7683 | D:7      | 7683 ||| FLEEEEING.
  7684 | D:7      | 7684 ||| FLEEEEING.
  7685 | D:7      | 7685 ||| FLEEEEING.
  7686 | D:7      | 7686 ||| FLEEEEING.
  7687 | D:7      | 7687 ||| FLEEEEING.
  7688 | D:7      | 7688 ||| FLEEEEING.
  7689 | D:7      | 7689 ||| FLEEEEING.
  7690 | D:7      | 7690 ||| FLEEEEING.
  7691 | D:7      | 7691 ||| FLEEEEING.
  7692 | D:7      | 7692 ||| FLEEEEING.
  7693 | D:7      | 7693 ||| FLEEEEING.
  7694 | D:7      | 7694 ||| FLEEEEING.
  7695 | D:7      | 7695 ||| FLEEEEING.
  7696 | D:7      | 7696 ||| FLEEEEING.
  7697 | D:7      | 7697 ||| FLEEEEING.
  7804 | D:7      | 7804 ||| INVOKING Berserk.
  8006 | D:7      | 8006 ||| READING scroll of enchant armour.
  8006 | D:7      | 8006 ||| ENCHANTING +0 plate armour.
  8043 | D:7      | 8043 ||| Stepping ~*~*~tactically~*~*~ (stealth).
  8051 | D:7      | Reached XP level 9. HP: 75/75 MP: 8/8
  8067 | D:7      | Found a radiant altar of Vehumet.
  8081 | D:7      | 8081 ||| READING scroll of enchant armour.
  8081 | D:7      | 8081 ||| ENCHANTING +1 plate armour.
  8102 | D:7      | Found Vontete's Vocational Training.
  8237 | D:7      | Found a staircase to the Ecumenical Temple.
  8238 | D:7      | 8238 ||| INVOKING Berserk.
  8370 | D:7      | Reached skill level 12 in Axes
  8374 | D:7      | 8374 ||| Stepping ~*~*~tactically~*~*~ (stealth).
  8375 | D:7      | 8375 ||| Stepping ~*~*~tactically~*~*~ (stealth).
  8844 | D:7      | 8844 ||| INVOKING Berserk.
  9080 | D:7      | 9080 ||| READING 3 scrolls labelled CEUSEUG ZEOM.
  9081 | D:7      | 9081 ||| DRINKING 2 glowing puce potions.
  9082 | D:7      | 9082 ||| DROPPING 2 scrolls of fear.
  9093 | D:8      | 9093 ||| Stepping ~*~*~tactically~*~*~ (stealth).
  9120 | D:8      | 9120 ||| FLEEEEING.
  9121 | D:8      | 9121 ||| FLEEEEING.
  9122 | D:8      | 9122 ||| FLEEEEING.
  9123 | D:8      | 9123 ||| FLEEEEING.
  9126 | D:8      | 9126 ||| FLEEEEING.
  9127 | D:8      | 9127 ||| FLEEEEING.
  9128 | D:8      | 9128 ||| STAIRDANCE
  9211 | D:8      | 9211 ||| STAIRDANCE
  9216 | D:8      | 9216 ||| STAIRDANCE
  9218 | D:7      | 9218 ||| INVOKING Berserk.
  9223 | D:7      | Reached skill level 6 in Armour
  9456 | D:8      | 9456 ||| INVOKING Berserk.
  9631 | D:8      | 9631 ||| INVOKING Berserk.
  9782 | D:8      | 9782 ||| FLEEEEING.
  9783 | D:8      | 9783 ||| FLEEEEING.
  9784 | D:8      | 9784 ||| FLEEEEING.
  9785 | D:8      | 9785 ||| FLEEEEING.
  9795 | D:8      | 9795 ||| STAIRDANCE
  9863 | D:7      | 9863 ||| READING scroll labelled SIGEXU BEBLUOPUE.
  9864 | D:7      | 9864 ||| READING 2 scrolls of identify.
  9864 | D:7      | 9864 ||| IDENTIFYING golden potion
  9865 | D:7      | 9865 ||| DROPPING potion of degeneration.
  9878 | D:8      | 9878 ||| Stepping ~*~*~tactically~*~*~ (stealth).
  9880 | D:8      | 9880 ||| Stepping ~*~*~tactically~*~*~ (hiding).
  9891 | D:8      | Reached **** piety under Trog
 10210 | D:8      | 10210 ||| Stepping ~*~*~tactically~*~*~ (water).
 10213 | D:8      | Reached skill level 13 in Axes
 10486 | D:9      | Found Qoakk's Weapon Shop.
 10487 | D:9      | Found Semaepni's Magic Scroll Boutique.
 10495 | D:9      | 10495 ||| INVOKING Berserk.
 10497 | D:9      | Reached skill level 3 in Throwing
 10517 | D:9      | HP: 13/81 [yak (9)]
 10517 | D:9      | HP: 6/81 [yak (2)]
 10518 | D:9      | 10518 ||| READING 2 scrolls of teleportation.
 10519 | D:9      | 10519 ||| DRINKING 4 potions of heal wounds.
 10521 | D:9      | Reached XP level 10. HP: 28/88 MP: 9/9
 10568 | D:9      | 10568 ||| INVOKING Berserk.
 10837 | D:9      | 10837 ||| Stepping ~*~*~tactically~*~*~ (stealth).
 10839 | D:9      | 10839 ||| Stepping ~*~*~tactically~*~*~ (hiding).
 10841 | D:9      | 10841 ||| Stepping ~*~*~tactically~*~*~ (hiding).
 10924 | D:9      | 10924 ||| BUYING +0 broad axe (64 gold).
 10924 | D:9      | Bought a +0 broad axe for 64 gold pieces
 10924 | D:9      | 10924 ||| SWAPPING to +0 broad axe.
 10925 | D:9      | 10925 ||| DROPPING +0 war axe of draining.
 10957 | D:9      | 10957 ||| Stepping ~*~*~tactically~*~*~ (stealth).
 10968 | D:9      | Reached skill level 14 in Axes
 11036 | D:9      | 11036 ||| BUYING 2 scrolls of identify (60 gold).
 11036 | D:9      | Bought 2 scrolls of identify for 60 gold pieces
 11036 | D:9      | 11036 ||| BUYING scroll of enchant weapon (112 gold).
 11036 | D:9      | Bought a scroll of enchant weapon for 112 gold pieces
 11036 | D:9      | 11036 ||| BUYING scroll of identify (30 gold).
 11036 | D:9      | Bought a scroll of identify for 30 gold pieces
 11036 | D:9      | 11036 ||| SHOPLISTING scroll of identify (30 gold, have 2).
 11036 | D:9      | 11036 ||| SHOPLISTING scroll of teleportation (45 gold,
                  | have 2).
 11036 | D:9      | 11036 ||| READING scroll of enchant weapon.
 11036 | D:9      | 11036 ||| ENCHANTING +0 broad axe.
 11047 | D:9      | Found Umoid's Weapon Emporium.
 11053 | D:9      | Found a staircase to the Lair.
 11056 | D:9      | Found Buvixkapn's Antique Weapon Boutique.
 11076 | D:9      | Found Leredeum's Book Shoppe.
 11124 | D:9      | 11124 ||| FLEEEEING.
 11125 | D:9      | 11125 ||| FLEEEEING.
 11126 | D:9      | 11126 ||| FLEEEEING.
 11127 | D:9      | 11127 ||| FLEEEEING.
 11200 | D:9      | 11200 ||| FLEEEEING.
 11288 | D:9      | 11288 ||| INVOKING Berserk.
 11483 | D:9      | 11483 ||| READING scroll of enchant weapon.
 11483 | D:9      | 11483 ||| ENCHANTING +1 broad axe.
 11627 | D:9      | 11627 ||| READING scroll of enchant weapon.
 11627 | D:9      | 11627 ||| ENCHANTING +2 broad axe.
 11817 | D:9      | 11817 ||| PLANNING LAIR
 11817 | D:9      | 11817 ||| READING scroll labelled DOER XODDA.
 11818 | D:9      | 11818 ||| READING 7 scrolls of identify.
 11818 | D:9      | 11818 ||| IDENTIFYING viscous white potion
 11819 | D:9      | 11819 ||| READING 6 scrolls of identify.
 11819 | D:9      | 11819 ||| IDENTIFYING viscous yellow potion
 11820 | D:9      | 11820 ||| DROPPING potion of ambrosia.
 11821 | D:9      | 11821 ||| DROPPING potion of brilliance.
 11864 | Lair:1   | Entered Level 1 of the Lair of Beasts
 11872 | Lair:1   | Reached skill level 3 in Dodging
 12027 | Lair:1   | Noticed a cane toad
 12030 | Lair:1   | 12030 ||| INVOKING Berserk.
 12033 | Lair:1   | Killed a cane toad
 12284 | Lair:1   | Reached skill level 15 in Axes
 12656 | Lair:1   | 12656 ||| INVOKING Berserk.
 12658 | Lair:1   | Reached skill level 9 in Fighting
 12787 | Lair:1   | Noticed Gastronok
 12788 | Lair:1   | 12788 ||| Stepping ~*~*~tactically~*~*~ (hiding).
 12798 | Lair:1   | 12798 ||| INVOKING Berserk.
 12804 | Lair:1   | Killed Gastronok
 12805 | Lair:1   | Reached XP level 11. HP: 97/97 MP: 10/10
 12914 | Lair:1   | 12914 ||| INVOKING Berserk.
 13105 | Lair:1   | 13105 ||| INVOKING Berserk.
 13108 | Lair:1   | Reached skill level 16 in Axes
 13767 | Lair:2   | 13767 ||| Stepping ~*~*~tactically~*~*~ (stealth).
 13768 | Lair:2   | 13768 ||| INVOKING Berserk.
 13774 | Lair:2   | Reached skill level 6 in Shields
 13792 | Lair:2   | HP: 20/97 [elephant (6)]
 13793 | Lair:2   | 13793 ||| READING 2 scrolls of teleportation.
 13794 | Lair:2   | 13794 ||| DRINKING 3 potions of heal wounds.
 13907 | Lair:2   | Noticed a five-headed hydra
 13908 | Lair:2   | 13908 ||| INVOKING Brothers in Arms.
 13911 | Lair:2   | 13911 ||| SWAPPING to +2 hand axe of flaming.
 13912 | Lair:2   | 13912 ||| INVOKING Berserk.
 13915 | Lair:2   | Killed a four-headed hydra
 14000 | Lair:2   | 14000 ||| SWAPPING to +3 broad axe.
 14185 | Lair:2   | Found a runed translucent gate.
 14185 | Lair:2   | Found a runed translucent gate.
 14185 | Lair:2   | Found a runed translucent gate.
 14209 | Lair:2   | 14209 ||| INVOKING Berserk.
 14389 | Lair:2   | 14389 ||| INVOKING Berserk.
 14407 | Lair:2   | Reached skill level 17 in Axes
 14593 | Lair:2   | 14593 ||| INVOKING Berserk.
 14702 | Lair:2   | 14702 ||| Stepping ~*~*~tactically~*~*~ (stealth).
 14706 | Lair:2   | 14706 ||| INVOKING Berserk.
 14967 | Lair:2   | Noticed qw's ghost (journeyman MiBe)
 15080 | Lair:2   | Found a staircase to the Snake Pit.
 15386 | Lair:2   | 15386 ||| READING scroll labelled QITEH ASAIGHI.
 15454 | Lair:3   | 15454 ||| INVOKING Berserk.
 15621 | Lair:3   | Reached skill level 18 in Axes
 15728 | Lair:3   | Reached XP level 12. HP: 106/106 MP: 11/11
 15812 | Lair:3   | 15812 ||| INVOKING Berserk.
 15984 | Lair:3   | Found a staircase to the Shoals.
 15996 | Lair:3   | 15996 ||| Stepping ~*~*~tactically~*~*~ (hiding).
 16141 | Lair:3   | Reached skill level 9 in Armour
 16141 | Lair:3   | 16141 ||| FLEEEEING.
 16312 | Lair:3   | Noticed Snorg
 16314 | Lair:3   | 16314 ||| INVOKING Berserk.
 16321 | Lair:3   | Killed Snorg
 16672 | Lair:3   | Noticed a death yak
 16677 | Lair:3   | 16677 ||| INVOKING Berserk.
 16682 | Lair:3   | Killed a death yak
 17127 | Lair:4   | 17127 ||| Stepping ~*~*~tactically~*~*~ (hiding).
 17137 | Lair:4   | Found a runed translucent door.
 17140 | Lair:4   | Identified the +5 short sword of the Snake Pit {flame, rN+
                  | Dex+2}
 17143 | Lair:4   | Noticed an acid blob
 17143 | Lair:4   | Noticed an acid blob
 17150 | Lair:4   | Found a staircase to the Slime Pits.
 17188 | Lair:4   | Noticed a four-headed hydra
 17189 | Lair:4   | 17189 ||| INVOKING Brothers in Arms.
 17198 | Lair:4   | 17198 ||| SWAPPING to +2 hand axe of flaming.
 17199 | Lair:4   | 17199 ||| INVOKING Berserk.
 17201 | Lair:4   | Killed a two-headed hydra
 17214 | Lair:4   | Noticed a six-headed hydra
 17228 | Lair:4   | Killed a one-headed hydra
 17229 | Lair:4   | Reached skill level 12 in Fighting
 17242 | Lair:4   | 17242 ||| SWAPPING to +3 broad axe.
 17565 | Lair:4   | Noticed Kirke
 17566 | Lair:4   | 17566 ||| INVOKING Trog's Hand.
 17568 | Lair:4   | 17568 ||| Stepping ~*~*~tactically~*~*~ (stealth).
 17574 | Lair:4   | 17574 ||| INVOKING Berserk.
 17583 | Lair:4   | Killed Kirke
 17584 | Lair:4   | Reached XP level 13. HP: 118/118 MP: 12/12
 17660 | Lair:4   | Found a hide-covered altar of Uskayaw.
 17660 | Lair:4   | Found an ornate altar of the Wu Jian Council.
 17666 | Lair:4   | 17666 ||| INVOKING Berserk.
 17788 | Lair:4   | 17788 ||| READING scroll of enchant armour.
 17788 | Lair:4   | 17788 ||| ENCHANTING +2 plate armour.
 18389 | Lair:4   | 18389 ||| UPGRADING to +2 pair of gloves of stealth.
 18394 | Lair:4   | 18394 ||| READING 8 scrolls of identify.
 18394 | Lair:4   | 18394 ||| IDENTIFYING coppery potion
 18395 | Lair:4   | 18395 ||| READING 7 scrolls of identify.
 18395 | Lair:4   | 18395 ||| IDENTIFYING white potion
 18396 | Lair:4   | 18396 ||| DROPPING potion of invisibility.
 18423 | Lair:5   | Entered Level 5 of the Lair of Beasts
 18457 | Lair:5   | 18457 ||| INVOKING Berserk.
 18595 | Lair:5   | 18595 ||| Stepping ~*~*~tactically~*~*~ (stealth).
 18601 | Lair:5   | 18601 ||| INVOKING Berserk.
 18723 | Lair:5   | 18723 ||| READING 3 scrolls of teleportation.
 18742 | Lair:5   | 18742 ||| Stepping ~*~*~tactically~*~*~ (hiding).
 18743 | Lair:5   | 18743 ||| Stepping ~*~*~tactically~*~*~ (hiding).
 18862 | Lair:5   | 18862 ||| Stepping ~*~*~tactically~*~*~ (stealth).
 18871 | Lair:5   | 18871 ||| Stepping ~*~*~tactically~*~*~ (hiding).
 18872 | Lair:5   | 18872 ||| DRINKING potion of cancellation.
 18878 | Lair:5   | 18878 ||| INVOKING Berserk.
 18915 | Lair:5   | 18915 ||| Stepping ~*~*~tactically~*~*~ (stealth).
 19024 | Lair:5   | 19024 ||| INVOKING Berserk.
 19102 | Lair:5   | 19102 ||| Stepping ~*~*~tactically~*~*~ (stealth).
 19116 | Lair:5   | 19116 ||| INVOKING Berserk.
 19118 | Lair:5   | Reached skill level 12 in Armour
 19238 | Lair:5   | 19238 ||| INVOKING Berserk.
 19265 | Lair:5   | Reached skill level 9 in Shields
 19278 | Lair:5   | HP: 11/122 [white ugly thing (25)]
 19279 | Lair:5   | 19279 ||| READING 2 scrolls of teleportation.
 19280 | Lair:5   | 19280 ||| DRINKING 3 potions of heal wounds.
 19280 | Lair:5   | Slain by a white ugly thing

Levels and vault maps discovered:
D:1:      giann_horns, layout_basic, ebering_ecumenical_altar_rust,
          chequers_serial_rivers_micro_e
D:2:      layout_basic, minmay_misc_feat_tiny
D:3:      layout_loops_corners, gammafunk_ghost_smash, minmay_liquid_box,
          minmay_crystal_room
D:4:      layout_basic, minitemple, serial_shops, shop_coins
D:5:      layout_basic, ashenzari_altar_1
D:6:      layout_layer_cave, grunt_ministairs_11, uniq_duvessa
D:7:      layout_basic, nicolae_vehumet_radiance, minmay_temple_entry_trees,
          nicolae_shop_vocational
D:8:      cheibrodos_helix_gallery, layout_loops_cross, minmay_door_square
D:9:      layout_big_octagon, lair_entry_dummy, serial_shops, shop, shop, shop,
          shop, shop, chequers_big_river
Lair:1:   layout_layer_cave, beast_lair_carwin_3, uniq_gastronok
Lair:2:   layout_gridlike, dummy_snake_entry, gammafunk_ghost_necromancy
Lair:3:   layout_layer_cave, minmay_shoals_entry_lonely_mermaid,
          wad_woods_road_02, uniq_snorg
Lair:4:   layout_hall_layers, slime_entry_2, special_room
          [special_room_mythical_zoo], nzn_masters_of_martial_movement,
          uniq_kirke
Lair:5:   hellmonk_lair_end_abyssal_woods, layout_gridlike, grunt_megastairs_2

Skill      XL: |  1  2  3  4  5  6  7  8  9 10 11 12 13 |
---------------+----------------------------------------+-----
Axes           | 4 5 6 7 8 9 11 13 15 18 | 18.0
Shields        | 2 3 4 5 6 8 9 |  9.0
Armour         | 3 4 5 6 7 8 11 12 | 12.0
Fighting       | 4 5 6 8 9 10 12 13 | 13.0
Throwing       | 1 3 4 5 |  5.0
Dodging        | 3 5 |  5.3

Action                   |  1- 3 |  4- 6 |  7- 9 | 10-12 | 13-15 || total
-------------------------+-------+-------+-------+-------+-------++-------
Melee: Hand axe          |   100 |    93 |    32 |    38 |       ||   263
       Headbutt          |    13 |     9 |    27 |    76 |    21 ||   146
       Punch             |       |     3 |       |       |       ||     3
       War axe           |       |       |   194 |    11 |       ||   205
       Broad axe         |       |       |       |   304 |   110 ||   414
Throw: Boomerang         |       |     5 |    50 |    25 |    24 ||   104
       Javelin           |       |       |       |    61 |     9 ||    70
Invok: Berserk           |     2 |     5 |    12 |    19 |     7 ||    45
       Brothers in Arms  |       |       |       |     2 |       ||     2
       Trog's Hand       |       |       |       |     1 |       ||     1
  Use: Scroll            |     4 |     8 |    10 |     8 |     5 ||    35
       Potion            |     2 |       |     4 |     1 |     2 ||     9
Armor: Animal skin       |     8 |       |       |       |       ||     8
       Plate armour      |    26 |    40 |   106 |   166 |    37 ||   375
Dodge: Dodged            |    37 |    26 |    59 |    84 |    26 ||   232
Block: Buckler           |       |    11 |    56 |    91 |    27 ||   185

Table legend:
 A = Non-vault XP
 B = Vault XP
 C = Vault XP percentage of total XP
 D = Non-vault monster count
 E = Vault monster count
 F = Vault count percentage of total count
                 A         B        C        D         E       F
            +---------+---------+-------+---------+---------+-------
      Total |   28235 |   18822 |  40.0 |     273 |      65 |  19.2
            +---------+---------+-------+---------+---------+-------
        D:1 |      28 |       0 |   0.0 |      18 |       0 |   0.0
        D:2 |      43 |       0 |   0.0 |      18 |       0 |   0.0
        D:3 |     111 |       0 |   0.0 |      24 |       0 |   0.0
        D:4 |     177 |       0 |   0.0 |       6 |       0 |   0.0
        D:5 |     851 |       0 |   0.0 |      34 |       0 |   0.0
        D:6 |     479 |     383 |  44.4 |      14 |       4 |  22.2
        D:7 |    1237 |       0 |   0.0 |      24 |       0 |   0.0
        D:8 |     917 |     143 |  13.5 |      21 |       2 |   8.7
        D:9 |    2958 |       0 |   0.0 |      36 |       0 |   0.0
     Lair:1 |    2871 |    1973 |  40.7 |      11 |       5 |  31.2
     Lair:2 |    8680 |       0 |   0.0 |      32 |       0 |   0.0
     Lair:3 |    4100 |    2692 |  39.6 |      15 |       4 |  21.1
     Lair:4 |    4703 |    9472 |  66.8 |      17 |      32 |  65.3
     Lair:5 |    1080 |    4159 |  79.4 |       3 |      18 |  85.7
            +---------+---------+-------+---------+---------+-------
